 Dungeon Crawl Stone Soup version 0.32-a0-818-gb728d0252e (webtiles) character file.

Game seed: 8974147969580047723

41 epen the Ducker (level 3, 0/26 HPs)
             Began as an Octopode Monk on Mar 25, 2024.
             Slain by a gnoll
             ... wielding a +0 spear
              (1 damage)
             ... on level 2 of the Dungeon.
             The game lasted 00:01:41 (774 turns).

epen the Ducker (Octopode Monk)                      Turns: 774, Time: 00:01:41

Health: 0/26       AC:  1    Str: 10    XL:     3   Next: 52%
Magic:  3/3        EV: 13    Int: 12    God:
Gold:   32         SH:  0    Dex: 16    Spells: 2/2 levels left

rFire   . .          .
                       - Unarmed
rCold   . . .        b - orb {light}
rNeg    . . .        (helmet restricted)
rPois   .            (no amulet)
rElec   .            (no ring)
rCorr   .            (no ring)
SInv    +            (no ring)
Will    .....        (no ring)
Stlth   +            (no ring)
HPRegen 0.24/turn    (no ring)
MPRegen 0.08/turn    (no ring)
                     (no ring)

%: no passive effects
@: glowing
A: almost no armour, amphibious, 8 rings, camouflage 1, gelatinous body 1,
(nimble swimmer 1), tentacles, see invisible, wild magic 1
a: no special abilities


You were on level 2 of the Dungeon.
You visited 1 branch of the dungeon, and saw 2 of its levels.

You collected 32 gold pieces.

Inventory:

Armour
 b - an orb of light (worn)
Scrolls
 d - a scroll of identify
 e - a scroll of silence
 f - a scroll of torment {unknown}
 h - a scroll of immolation {unknown}
 k - a scroll of fog {unknown}
Potions
 j - a potion of mutation


   Skills:
 + Level 3.5 Fighting
 + Level 3.5 Dodging
 + Level 3.5 Unarmed Combat


You had 2 spell levels left.
You didn't know any spells.
Your spell library contained the following spells:

 Spells                   Type           Power      Damage    Failure   Level
 Passage of Golubria      Tloc           0%         N/A       98%         4
 Silence                  Hex/Air        0%         N/A       100%        5
 Lehudib's Crystal Spear  Conj/Erth      0%         10d2      100%        8


Dungeon Overview and Level Annotations

Branches:
Dungeon (2/15)

Altars:

Annotations:
D:2 1 runed translucent door, Crazy Yiuf


Innate Abilities, Weirdness & Mutations

You cannot wear most types of armour.
You are amphibious.
You can wear up to eight rings at the same time.
Your skin changes colour to match your surroundings (Stealth+).
Your rubbery body absorbs attacks. (AC +1, EV +1)
((You are camouflaged when in or above water. (Stealth+)))
You have tentacles for arms and can constrict up to eight enemies at once.
You have supernaturally acute eyesight. (SInv)
Your spells are a little harder to cast, but a little more powerful.


Message History

The gnoll hits you but does no damage. x2
The gnoll hits you but does no damage. x2
The gnoll hits you but does no damage. x2
The gnoll hits you but does no damage. x2
The gnoll hits you but does no damage. The gnoll barely misses you.
It was a potion of mutation.
You feel extremely strange.
Your vision sharpens.
You feel less in control of your magic. The gnoll barely misses you.
The gnoll hits you but does no damage.
As you read the scroll labelled PALICON PUIST, it crumbles to dust.
You feel a strange sense of stasis.
It was a scroll of teleportation.
The gnoll hits you but does no damage. x2
You cannot move.
The gnoll hits you but does no damage. x2
The gnoll hits you from afar with a +0 spear.
The gnoll hits you but does no damage.
The gnoll hits you from afar with a +0 spear. x2
The gnoll hits you from afar with a +0 spear.
The gnoll hits you but does no damage.
Your transformation is almost over.
The gnoll hits you but does no damage. x2
The gnoll hits you from afar with a +0 spear. x2
The gnoll barely misses you. The gnoll hits you but does no damage.
The gnoll hits you from afar with a +0 spear.
The gnoll hits you but does no damage.
The gnoll hits you but does no damage. x2
The gnoll hits you but does no damage. The gnoll completely misses you.
The gnoll hits you but does no damage. x2
The gnoll hits you from afar with a +0 spear.
The gnoll hits you but does no damage.
The gnoll hits you but does no damage. x2
You feel less wooden.
The gnoll hits you from afar with a +0 spear!
* * * LOW HITPOINT WARNING * * *
The gnoll misses you.
Okay, then.
As you read the scroll labelled UNWYKA GUJU, it crumbles to dust.
It is a scroll of identify.
e - a scroll of silence The gnoll hits you from afar with a +0 spear.
You die...

..# .# #..### .. ##..
..!.. #.## #.. #....
#####..# #.# #....
.......######.# #...#####
#......#..## #.. ...#
##.###.....#
####.g###.####.####..#.#
#...wg)@.....#..# #.##.#
#.<######...#..#.###.##..
###..#....##.###.
##...#.....###.
###...........
.....#.......
#####....##### ##.#.# # #
.. #


You could see 2 gnolls and a dart slug.

Vanquished Creatures
  A gnoll (D:2)
  3 bats
  6 endoplasms (D:1)
  2 giant cockroaches (D:1)
  3 goblins (D:1)
  2 hobgoblins
  A jackal (D:1)
  A kobold (D:1)
  3 ball pythons (D:1)
  5 rats (D:1)
27 creatures vanquished.

Notes
Turn   | Place    | Note
-------+----------+-------------------------------------------
     0 | D:1      | epen the Octopode Monk began the quest for the Orb.
     0 | D:1      | Reached XP level 1. HP: 16/16 MP: 1/1
     1 | D:1      | Found a runed translucent door.
     7 | D:1      | Noticed a jelly
   231 | D:1      | Reached XP level 2. HP: 21/21 MP: 2/2
   249 | D:1      | Found a faded altar of an unknown god.
   577 | D:1      | Reached XP level 3. HP: 21/26 MP: 3/3
   639 | D:2      | Found a runed translucent door.
   640 | D:2      | Noticed Crazy Yiuf
   758 | D:2      | Gained mutation: You have supernaturally acute eyesight.
                  | (SInv) [potion of mutation]
   758 | D:2      | Gained mutation: Your spells are a little harder to cast,
                  | but a little more powerful. [potion of mutation]
   773 | D:2      | HP: 1/26 [gnoll/+0 spear (10)]
   774 | D:2      | Slain by a gnoll

Illustrated notes

Levels and vault maps discovered:
D:1:      dpeg_arrival_caged_fury, layout_rooms, ebering_ecumenical_altar_mist,
          kennysheep_doodads
D:2:      layout_rooms, uniq_crazy_yiuf_cottage, uniq_jessica

Action                     || total
---------------------------++-------
  Melee: Unarmed           ||    44
         Constrict         ||    12
         Tentacles         ||     5
    Use: Potion            ||     4
         Scroll            ||     2
   Stab: Sleeping          ||     1
 Armour: Skin              ||    79
  Dodge: Dodged            ||    35

Table legend: (Time is in decaauts)
 A = Elapsed time spent in this place.
 B = Non-inter-level travel time spent in this place.
 C = Inter-level travel time spent in this place.
 D = Time resting spent in this place.
 E = Time spent auto-exploring this place.
 F = Levels seen in this place.
 G = Mean time per level.
                   A        B        C        D        E       F      G
               +--------+--------+--------+--------+--------+-----+--------+
         Total |    770 |    764 |      6 |      0 |    599 |   2 |  385.0 |
       Dungeon |    770 |    764 |      6 |      0 |    599 |   2 |  385.0 |
               +--------+--------+--------+--------+--------+-----+--------+

Top non-repeatable levels by time:
     D:1: 598 daAuts
     D:2: 172 daAuts
